 Dungeon Crawl Stone Soup version 0.31-a0-986-g5e6e4ef867 (webtiles) character file.

Game seed: 6889985921238036529

110 sammy202020 the Ruffian (level 4, -1/33 HPs)
             Began as a Demonspawn Shapeshifter on Nov 14, 2023.
             Slain by a gnoll
             ... wielding a +0 flail
              (2 damage)
             ... on level 3 of the Dungeon.
             The game lasted 00:03:44 (2303 turns).

sammy202020 the Ruffian (Demonspawn Shapeshifter)   Turns: 2303, Time: 00:03:47

Health: -1/33      AC:  6    Str: 15 (17) XL:     4   Next: 61%
Magic:  4/4        EV:  9    Int:  9 (11) God:
Gold:   185        SH:  0    Dex: 11 (12) Spells: 3/3 levels left

rFire   . .          .
                       - Unarmed
rCold   . . .        (no shield)
rNeg    . . .        k - +0 scale mail
rPois   .            (helmet currently unavailable)
rElec   .            (cloak currently unavailable)
rCorr   .            (gloves currently unavailable)
SInv    .            (boots currently unavailable)
Will    .....        e - amulet of the acrobat Stlth
                     (no ring)
HPRegen 0.25/turn    (no ring)
MPRegen 0.18/turn

%: acrobat
@: beast-form
A: beast (slay +1), horns 2, magic regeneration
a: Begin Untransformation


You were on level 3 of the Dungeon.
You were a hulking beast.
You visited 1 branch of the dungeon, and saw 3 of its levels.

You collected 185 gold pieces.

Inventory:

Armour
 a - a +0 animal skin
 k - a +0 scale mail (worn)
Jewellery
 e - an amulet of the acrobat (around neck)
Talismans
 c - a beast talisman
 d - a flux talisman
Scrolls
 f - a scroll of identify {unknown}
 g - 2 scrolls of fear {unknown}
 j - a scroll of enchant armour {unknown}
Potions
 b - 2 potions of lignification


   Skills:
 * Level 2.1 Fighting
 + Level 1.2 Armour
 + Level 2.2 Dodging
 * Level 3.4 Unarmed Combat
 * Level 3.3 Shapeshifting


You had 3 spell levels left.
You didn't know any spells.
Your spell library contained the following spells:

 Spells                   Type           Power      Damage    Failure   Level
 Dazzling Flash           Conj/Hex       0%         N/A       99%         3
 Volatile Blastmotes      Fire/Tloc      0%         2d10      99%         3
 Starburst                Conj/Fire      0%         6d3       100%        6
 Maxwell's Capacitive Co  Air            0%         ∞         100%        8


Dungeon Overview and Level Annotations

Branches:
Dungeon (3/15)

Altars:

Shops:
D:1 (


Innate Abilities, Weirdness & Mutations

You are a hulking beast.
Your limbs bulge with bestial killing power. (Slay +1)
You have a pair of horns on your head.
You regenerate magic rapidly.


Message History

You hit the gnoll.
You kill the gnoll!
The kobold hits you with a +0 dagger.
You hit the gnoll. Your headbutt misses the gnoll.
The gnoll is moderately wounded.
The gnoll hits you with a +0 flail! The kobold completely misses you.
You barely miss the gnoll. Your headbutt misses the gnoll.
The gnoll is moderately wounded.
The gnoll hits you with a +0 flail. x2; The kobold hits you with a +0 dagger.
* * * LOW HITPOINT WARNING * * *
You are too injured to fight recklessly!
You are too injured to fight recklessly!
You are too injured to fight recklessly!
You are too injured to fight recklessly!
You are too injured to fight recklessly!
You are too injured to fight recklessly!
You are too injured to fight recklessly!
You are too injured to fight recklessly!
You are too injured to fight recklessly!
You are too injured to fight recklessly!
You are too injured to fight recklessly!
You are too injured to fight recklessly!
You are too injured to fight recklessly!
You are too injured to fight recklessly!
You are too injured to fight recklessly!
You are too injured to fight recklessly!
You are too injured to fight recklessly!
You are too injured to fight recklessly!
You are too injured to fight recklessly!
You are too injured to fight recklessly!
You are too injured to fight recklessly!
You are too injured to fight recklessly!
Okay, then.
It was a potion of degeneration.
There was something very wrong with that liquid.
You feel weakened.
You feel dopey.
You feel clumsy. The gnoll hits you with a +0 flail!
* * * LOW HITPOINT WARNING * * *
The gnoll hits you with a +0 flail.
You die...

#.# #.........#
#.#####.###.#.#.#
#.......# #.#.#.#
#.......###.#.#.#
#................
#.........#......
#...............#
####.###.......#.###....
#......h......)#.# #...#
#.##..ggK......#.# #....
#.##.#####..#.###...# #
... #..........# ....
.##.....#.# .....(
#####.#.[ ...... ##.###
....... ..####..###
...........


You could see 2 gnolls and a kobold.

Vanquished Creatures
  A gnoll (D:3)
  An adder (D:2)
  2 worms (D:2)
  4 dart slugs
  4 orcs (D:3)
  6 endoplasms
  4 giant cockroaches (D:1)
  7 goblins
  6 hobgoblins
  2 jackals (D:1)
  6 kobolds
  2 quokkas (D:2)
  10 ball pythons
  10 bats
  A frilled lizard (D:1)
  4 rats
70 creatures vanquished.

Notes
Turn   | Place    | Note
-------+----------+-------------------------------------------
     0 | D:1      | sammy202020 the Demonspawn Shapeshifter began the quest for
                  | the Orb.
     0 | D:1      | Reached XP level 1. HP: 15/15 MP: 1/1
   149 | D:1      | Gained mutation: You regenerate magic rapidly. [demonic
                  | ancestry]
   149 | D:1      | Reached XP level 2. HP: 21/21 MP: 2/2
   185 | D:1      | Found Fiucuek's Antique Weapon Shop.
   508 | D:1      | Discovered your monstrous ancestry.
   508 | D:1      | Gained mutation: You have a pair of small horns on your
                  | head. [demonic ancestry]
   508 | D:1      | Reached XP level 3. HP: 26/26 MP: 3/3
  1015 | D:2      | Reached skill level 1 in Armour
  1389 | D:2      | Gained mutation: You have a pair of horns on your head.
                  | [demonic ancestry]
  1389 | D:2      | Reached XP level 4. HP: 20/33 MP: 4/4
  2303 | D:3      | HP: 1/33 [gnoll/+0 flail (9)]
  2303 | D:3      | Slain by a gnoll

Illustrated notes

Levels and vault maps discovered:
D:1:      nicolae_arrival_washed_ashore, layout_loops_corners, serial_shops,
          nicolae_shop_waterfront, grunt_decor_one_mirror
D:2:      layout_basic, minmay_hedge_maze, st_stairs_6, minmay_misc_feat_rugged
D:3:      layout_loops_ring

Skill      XL: |  1  2  3  4 |
---------------+-------------+-----
Unarmed Combat | 3 |  3.4
Shapeshifting  | 3 |  3.3
Dodging        | 2 |  2.2
Armour         | 1 |  1.2
Fighting       | 2 |  2.1

Action                     |  1- 3 |  4- 6 || total
---------------------------+-------+-------++-------
  Melee: Unarmed           |   127 |   128 ||   255
         Punch             |     4 |     4 ||     8
         Headbutt          |     8 |    37 ||    45
    Use: Scroll            |     1 |       ||     1
         Potion            |       |     1 ||     1
 Armour: Animal skin       |    59 |     3 ||    62
         Leather armour    |       |    16 ||    16
         Scale mail        |       |    14 ||    14
  Dodge: Dodged            |   114 |    43 ||   157

Table legend: (Time is in decaauts)
 A = Elapsed time spent in this place.
 B = Non-inter-level travel time spent in this place.
 C = Inter-level travel time spent in this place.
 D = Time resting spent in this place.
 E = Time spent auto-exploring this place.
 F = Levels seen in this place.
 G = Mean time per level.
                   A        B        C        D        E       F      G
               +--------+--------+--------+--------+--------+-----+--------+
         Total |   2289 |   2232 |     57 |    265 |   1382 |   3 |  763.0 |
       Dungeon |   2289 |   2232 |     57 |    265 |   1382 |   3 |  763.0 |
               +--------+--------+--------+--------+--------+-----+--------+

Top non-repeatable levels by time:
     D:1: 954 daAuts
     D:2: 896 daAuts
     D:3: 438 daAuts
